 Dungeon Crawl Stone Soup version 0.23-a0-558-g30802b1 (webtiles) character file.

1743 zishaf the Changer (level 9, -1/53 HPs)
             Began as a Tengu Transmuter on Dec 12, 2018.
             Was an Initiate of Nemelex Xobeh.
             Slain by an air elemental (3 damage)
             ... summoned by the player character
             ... on level 5 of the Dungeon.
             The game lasted 00:19:42 (7367 turns).

zishaf the Changer (Tengu Transmuter)               Turns: 7367, Time: 00:19:42

Health: -1/53      AC: 12    Str: 11    XL:     9   Next: 5%
Magic:  13/13      EV:  4    Int: 17    God:    Nemelex Xobeh [......]
Gold:   281        SH:  0    Dex: 14    Spells: 5/13 levels left

rFire    . . .     SeeInvis .     - Unarmed
rCold    . . .     Gourm    .   (no shield)
rNeg     . . .     Faith    .   h - +1 plate armour
rPois    .         Spirit   .   (helmet restricted)
rElec    .         Reflect  .   (no cloak)
rCorr    .         Harm     .   (no gloves)
MR       .....                  (boots unavailable)
Stlth    ..........             (no amulet)
HPRegen  0.17/turn              (no ring)
MPRegen  0.13/turn              (no ring)

@: no status effects
A: beak, talons 3, able to fly 1
a: Fly, Renounce Religion


You were on level 5 of the Dungeon.
You worshipped Nemelex Xobeh.
Nemelex Xobeh was noncommittal.
You were not hungry.

You visited 1 branch of the dungeon, and saw 6 of its levels.
You also visited: Sewer.

You collected 281 gold pieces.

Inventory:

Hand Weapons
 a - a +0 blowgun
Missiles
 o - 111 arrows
 p - 35 poisoned needles
Armour
 b - a +0 robe
 h - a +1 plate armour (worn)
Wands
 f - a wand of random effects (6)
Scrolls
 c - 2 scrolls of teleportation {unknown}
 j - 2 scrolls of blinking {unknown}
 q - a scroll of enchant armour
 r - 4 scrolls of remove curse
Potions
 e - a potion of cancellation {unknown}
 i - 4 potions of curing
 l - 4 potions of heal wounds
 m - a potion of berserk rage {unknown}
 n - 3 potions of agility
 s - a potion of might
 t - 2 potions of brilliance
Comestibles
 d - 6 rations


   Skills:
 + Level 4.8 Fighting
 + Level 3.9 Armour
 - Level 5.0 Dodging
 - Level 3.2 Unarmed Combat
 * Level 2.5 Spellcasting
 * Level 5.9 Transmutations
 - Level 4.2 Evocations


You had 5 spell levels left.
You knew the following spells:

 Your Spells              Type           Power        Failure   Level  Hunger
a - Beastly Appendage     Tmut           ###...       98%         1    #......
b - Sticks to Snakes      Tmut           ###.....     99%         2    ##.....
c - Blade Hands           Tmut           ###.......   100%        5    ######.

Your spell library contained the following spells:

 Spells                   Type           Power        Failure   Level  Hunger
 Spider Form              Tmut/Pois      ##........   100%        3    ###....
 Ice Form                 Ice/Tmut       ##......     100%        4    #####..


Dungeon Overview and Level Annotations

Branches:
Dungeon (6/15)
 Temple: D:4-7

Altars:
Dithmenos
Fedhas
Nemelex Xobeh
Yredelemnul

Shops:
D:5 :

Annotations:
D:3 exclusion: downstairs
D:6 Pikel


Innate Abilities, Weirdness & Mutations

You have a beak for a mouth.
You have claws for feet.
You can fly.


Message History

The air elemental hits you but does no damage.
Eustachio hits you but does no damage.
You hit Eustachio but do no damage. You claw Eustachio.
Eustachio is almost dead.
The air elemental hits you but does no damage.
The air elemental hits you!
* * * LOW HITPOINT WARNING * * *
Eustachio hits you but does no damage.
You hit Eustachio.
You kill Eustachio!
The bat disappears in a puff of smoke!
The quokka disappears in a puff of smoke!
The rat disappears in a puff of smoke!
You have reached level 9!
Your experience leads to an increase in your attributes!
Increase (S)trength, (I)ntelligence, or (D)exterity?
You feel stronger. The air elemental barely misses you.
The air elemental hits you.
You die...
Your body disappears without a glow.

#.# #####.####.#
###.######### #.# #.#
#...........# #.# #.#
#.#.#######.# #.# #.#
#.#.# #.# #.# #.# #.#.#
#.# #.# #.# #.#.# #.#
#.####.#####
#.#.#######§###...........
#.#....§E@)§>§§(..########
#.#########§#####.########
#.# #.# #......... #.# #.#
########## #.# #.#
#.#########.#
#.....(.....#
#############


You could see an air elemental.

Vanquished Creatures
  A two-headed ogre (D:4)
  Eustachio (D:5)
  2 ogres (D:4)
  A centaur (D:4)
  2 big kobolds (Sewer)
  A scorpion (D:4)
  A howler monkey (D:5)
  A crimson imp (D:6)
  2 hounds
  An iguana (D:4)
  2 worker ants (D:3)
  Terence (D:3)
  A hound skeleton (D:5)
  A worker ant zombie (D:5)
  9 adders
  A shadow imp (D:6)
  4 oozes
  An adder skeleton (D:4)
  3 dart slugs
  3 leopard geckos
  7 orcs
  4 ball pythons
  4 giant cockroaches
  16 goblins
  11 hobgoblins
  10 jackals (D:1)
  2 quokkas
  11 bats
  6 frilled lizards
  19 kobolds
  5 rats
134 creatures vanquished.

Vanquished Creatures (collateral kills)
  A scorpion (D:6)
1 creature vanquished.

Grand Total: 135 creatures vanquished

Notes
Turn   | Place    | Note
-------+----------+-------------------------------------------
     0 | D:1      | zishaf the Tengu Transmuter began the quest for the Orb.
     0 | D:1      | Reached XP level 1. HP: 12/12 MP: 4/4
   309 | D:1      | Reached XP level 2. HP: 8/16 MP: 6/6
   562 | D:1      | Reached XP level 3. HP: 8/20 MP: 7/7
  1715 | D:2      | Reached XP level 4. HP: 20/26 MP: 8/8
  1722 | D:2      | Learned a level 2 spell: Sticks to Snakes
  2369 | D:3      | Noticed Terence
  2376 | D:3      | Killed Terence
  2376 | D:3      | Gained mutation: You can fly. [Tengu growth]
  2376 | D:3      | Reached XP level 5. HP: 17/31 MP: 9/9
  2463 | D:3      | Reached skill level 1 in Evocations
  2575 | D:3      | Found a glowing drain.
  2580 | Sewer    | Entered a sewer
  2596 | Sewer    | Noticed a big kobold
  2607 | Sewer    | Killed a big kobold
  2607 | Sewer    | Reached XP level 6. HP: 24/36 MP: 10/10
  3688 | D:3      | Learned a level 5 spell: Blade Hands
  3751 | D:4      | Noticed a two-headed ogre
  4493 | D:4      | Killed a two-headed ogre
  4493 | D:4      | Reached XP level 7. HP: 42/42 MP: 11/11
  4493 | D:4      | Reached XP level 8. HP: 48/48 MP: 12/12
  4676 | D:4      | Reached skill level 5 in Transmutations
  4782 | D:4      | Reached skill level 5 in Dodging
  5489 | D:4      | Found a blossoming altar of Fedhas.
  5506 | D:4      | Found a sparkling altar of Nemelex Xobeh.
  5508 | D:4      | Found a basalt altar of Yredelemnul.
  5689 | D:5      | Entered Level 5 of the Dungeon
  6200 | D:5      | Found Dyfanulo's Book Emporium.
  6686 | D:4      | Became a worshipper of Nemelex Xobeh the Trickster
  6906 | D:6      | Received a gift from Nemelex Xobeh
  6906 | D:6      | Noticed Pikel
  6968 | D:6      | Found a shadowy altar of Dithmenos.
  7173 | D:6      | Noticed Eustachio
  7356 | D:5      | Noticed an air elemental
  7366 | D:5      | HP: 2/48 [air elemental[the player character] (7)]
  7367 | D:5      | Killed Eustachio
  7367 | D:5      | Reached XP level 9. HP: 2/53 MP: 13/13
  7367 | D:5      | Slain by an air elemental

Vault maps used:
D:1:      lemuel_arrival_river_bridge, nrook_mini_backslash, minmay_misc_feat_x
D:2:      minmay_misc_feat_diagonals, grunt_ministairs_12,
          chequers_serial_rivers_micro_c
D:3:      portal_sewer_entry_e, uniq_terence
D:4:      nicolae_overflow_hidden_temple, fedhas_bush_and_centaur_altar
D:5:      serial_shops, shop, first_ration, minmay_misc_feat_room
D:6:      minmay_misc_feat_tower, grunt_dithmenos_shadows, uniq_pikel,
          uniq_eustachio
Sewer:    kennysheep_pipe_town

Skill      XL: |  1  2  3  4  5  6  7  8 |
---------------+-------------------------+-----
Transmutations | 2 3 4 5 |  5.9
Fighting       | 2 3 4 |  4.8
Dodging        | 3 4 5 |  5.0
Evocations     | 1 4 |  4.2
Armour         | 2 3 |  3.9
Unarmed Combat | |  3.2
Spellcasting   | |  2.5

Action                   |  1- 3 |  4- 6 |  7- 9 || total
-------------------------+-------+-------+-------++-------
Melee: Unarmed           |   119 |   238 |   202 ||   559
       Kick              |    18 |    48 |    46 ||   112
       Peck              |    14 |    29 |    30 ||    73
       Punch             |     2 |     1 |     1 ||     4
 Fire: Blowgun           |       |       |     3 ||     3
 Abil: Fly               |       |     1 |     2 ||     3
Evoke: Wand              |       |    23 |    17 ||    40
       Deck              |       |       |     6 ||     6
  Use: Scroll            |       |     6 |     5 ||    11
 Stab: Paralysed         |       |     9 |       ||     9
  Eat: Chunk             |     3 |     7 |     2 ||    12
       Ration            |       |     1 |     2 ||     3
Armor: Robe              |    15 |       |       ||    15
       Plate armour      |    13 |   211 |   153 ||   377
Dodge: Dodged            |    58 |    17 |    27 ||   102

Table legend:
 A = Non-vault XP
 B = Vault XP
 C = Vault XP percentage of total XP
 D = Non-vault monster count
 E = Vault monster count
 F = Vault count percentage of total count
                 A         B        C        D         E       F
            +---------+---------+-------+---------+---------+-------
      Total |    1910 |     580 |  23.3 |     105 |      30 |  22.2
            +---------+---------+-------+---------+---------+-------
        D:1 |      64 |       0 |   0.0 |      35 |       0 |   0.0
        D:2 |      43 |       6 |  12.2 |      11 |       2 |  15.4
        D:3 |     168 |      32 |  16.0 |      35 |       1 |   2.8
        D:4 |    1340 |     112 |   7.7 |      11 |       1 |   8.3
        D:5 |     173 |     197 |  53.2 |      10 |       1 |   9.1
        D:6 |     122 |      11 |   8.3 |       3 |       1 |  25.0
      Sewer |       0 |     222 | 100.0 |       0 |      24 | 100.0
            +---------+---------+-------+---------+---------+-------
